 Dungeon Crawl Stone Soup version 0.29.0-4-gdea44cf6ec (webtiles) character file.

Game seed: 12543741811085335306

1 qw the Sneak (level 1, -1/14 HPs)
             Began as a Ghoul Enchanter on Sept 8, 2022.
             Slain by a goblin
             ... wielding a +0 dagger
              (4 damage)
             ... on level 1 of the Dungeon.
             The game lasted 00:00:02 (32 turns).

qw the Sneak (Ghoul Enchanter)                        Turns: 32, Time: 00:00:03

Health: -1/14      AC:  2    Str: 11    XL:     1   Next: 20%
Magic:  2/2        EV: 12    Int: 10    God:
Gold:   0          SH:  0    Dex:  9    Spells: 3/3 levels left

rFire   . . .      SeeInvis .   a - +1 dagger
rCold   + . .      Faith    .   (no shield)
rNeg    + + +      Spirit   .   b - +0 robe
rPois   inf        Reflect  .   (no helmet)
rElec   .          Harm     .   (no cloak)
rCorr   .          Rampage  .   (no gloves)
Will    .....                   (no boots)
Stlth   ++........              (no amulet)
HPRegen 0.00/turn               (no ring)
MPRegen 0.08/turn               (no ring)

@: inhibited regen
A: claws 1, cold resistance 1, negative energy resistance 3, inhibited
regeneration, torment resistance 2, devour on kill
a: no special abilities


You were on level 1 of the Dungeon.
You visited 1 branch of the dungeon, and saw 1 of its levels.


Innate Abilities, Weirdness & Mutations

You are immune to poison.
You have sharp fingernails.
Your flesh is cold resistant. (rC+)
You are immune to negative energy. (rN+++)
You do not regenerate when monsters are visible.
You are immune to unholy pain and torment.
You thrive by killing the living.


   Skills:
 - Level 0.8 Short Blades
 + Level 0.3 Axes
 - Level 1.7 Dodging
 - Level 3.2 Stealth
 - Level 1.7 Spellcasting
 - Level 2.4 Hexes


You had 3 spell levels left.
You didn't know any spells.
Your spell library contained the following spells:

 Spells                   Type           Power      Damage    Failure   Level
 Ensorcelled Hibernation  Hex/Ice        6%         N/A       30%         2
 Confusing Touch          Hex            5%         N/A       34%         3
 Tukima's Dance           Hex            5%         N/A       34%         3
 Dazzling Flash           Conj/Hex       6%         N/A       52%         3

Inventory:

Hand Weapons
 a - a +1 dagger (weapon)
Armour
 b - a +0 robe (worn)
Potions
 c - 2 potions of invisibility

Dungeon Overview and Level Annotations

Branches:
Dungeon (1/15)

Altars:


Message History

The hobgoblin misses you.
You hit the hobgoblin.
The hobgoblin is heavily wounded.
The hobgoblin closely misses you.
You hit the hobgoblin.
The hobgoblin is heavily wounded.
20 ||| Stepping ~*~*~tactically~*~*~ (outnumbered).
The hobgoblin attacks as you move away! The hobgoblin completely misses you.
You barely miss the hobgoblin.
The hobgoblin is heavily wounded.
22 ||| Stepping ~*~*~tactically~*~*~ (outnumbered).
23 ||| Stepping ~*~*~tactically~*~*~ (outnumbered).
The hobgoblin attacks as you move away! The hobgoblin hits you.
The goblin attacks as you move away! The goblin barely misses you.
24 ||| Stepping ~*~*~tactically~*~*~ (outnumbered). 2 goblins come into view.
25 ||| Stepping ~*~*~tactically~*~*~ (outnumbered).
The hobgoblin attacks as you move away!
The hobgoblin hits you but does no damage.
The goblin shouts!
You barely miss the hobgoblin.
The hobgoblin is heavily wounded.
The hobgoblin hits you.
You hit the hobgoblin.
The hobgoblin is almost dead.
The hobgoblin hits you.
You hit the hobgoblin.
You kill the hobgoblin!
You barely miss the goblin. The goblin misses you.
You hit the goblin.
The goblin is severely wounded.
The goblin barely misses you. x2
You closely miss the goblin.
The goblin is severely wounded.
The goblin hits you with a +0 dagger. x2
You hit the goblin.
You kill the goblin!
The goblin hits you with a +0 dagger.
You die...

#..... .. .. .#..#.. .
.# # .......#. .. ..
......... . ..
......#.#.###
....#.....##
##########.).......##
~~~~~~~~0##@# ...... #
0~~~~~~~~~#g##....#
#~~0#~~ยค~#~~#..#....#
#~~~~~~~~~~~#..#....#
#~~~ ~%~~~~~#..#....#
############..?...#
+....<....'...###?....
############..# ...
#~%~ ~~~~~~0#..# .


You could see a goblin.

Vanquished Creatures
  A hobgoblin (D:1)
  A goblin (D:1)
2 creatures vanquished.

Notes
Turn   | Place    | Note
-------+----------+-------------------------------------------
     0 | D:1      | qw the Ghoul Enchanter began the quest for the Orb.
     0 | D:1      | Reached XP level 1. HP: 14/14 MP: 2/2
     0 | D:1      | 0 ||| qw: Version: 0.1-a-112-g44dc6cd
     0 | D:1      | 0 ||| qw: Game counter: 6826
     0 | D:1      | 0 ||| qw: Always use a shield: true
     0 | D:1      | 0 ||| qw: God list: Okawaru
     0 | D:1      | 0 ||| qw: Allow faded altars: false
     0 | D:1      | 0 ||| qw: Do Orc after D:15 true
     0 | D:1      | 0 ||| qw: Do second Lair branch before Depths: true
     0 | D:1      | 0 ||| qw: Lair rune preference: random
     0 | D:1      | 0 ||| qw: Plans: Normal
     0 | D:1      | 0 ||| PLANNING D:1-11
    20 | D:1      | 20 ||| Stepping ~*~*~tactically~*~*~ (outnumbered).
    22 | D:1      | 22 ||| Stepping ~*~*~tactically~*~*~ (outnumbered).
    23 | D:1      | 23 ||| Stepping ~*~*~tactically~*~*~ (outnumbered).
    24 | D:1      | 24 ||| Stepping ~*~*~tactically~*~*~ (outnumbered).
    25 | D:1      | 25 ||| Stepping ~*~*~tactically~*~*~ (outnumbered).
    31 | D:1      | HP: 3/14 [goblin/+0 dagger (2)]
    32 | D:1      | Slain by a goblin

Levels and vault maps discovered:
D:1:      saegor_arrival_miasma, layout_rooms, ebering_ecumenical_altar_webs

Action                   || total
-------------------------++-------
Melee: Dagger            ||    12
Armor: Robe              ||     1
Dodge: Dodged            ||     7

Table legend:
 A = Non-vault XP
 B = Vault XP
 C = Vault XP percentage of total XP
 D = Non-vault monster count
 E = Vault monster count
 F = Vault count percentage of total count
                 A         B        C        D         E       F
            +---------+---------+-------+---------+---------+-------
      Total |       3 |       0 |   0.0 |       2 |       0 |   0.0
            +---------+---------+-------+---------+---------+-------
        D:1 |       3 |       0 |   0.0 |       2 |       0 |   0.0
            +---------+---------+-------+---------+---------+-------
